 Dungeon Crawl Stone Soup version 0.31-a0-219-g8d62b2e7bb (webtiles) character file.

Game seed: 16108937108282215513

417 Demosthentine the Poker (level 6, -13/48 HPs)
             Began as a Demonspawn Gladiator on July 3, 2023.
             Mangled by Menkaure (21 damage)
             ... on level 4 of the Dungeon.
             The game lasted 00:02:44 (2609 turns).

Demosthentine the Poker (Demonspawn Gladiator)      Turns: 2609, Time: 00:02:44

Health: -13/48     AC:  6    Str: 17    XL:     6   Next: 61%
Magic:  6/6        EV: 13    Int:  9    God:
Gold:   228        SH:  0    Dex: 14    Spells: 5/5 levels left

rFire   + . .        a - +1 trident
rCold   + . .        (no shield)
rNeg    . . .        b - +0 leather armour
rPois   .            c - +0 helmet
rElec   .            l - scarf {rC+ rF+}
rCorr   .            (no gloves)
SInv    .            (no boots)
Will    .....        (no amulet)
Stlth   +            (no ring)
HPRegen 0.28/turn    (no ring)
MPRegen 0.10/turn

%: no passive effects
@: no status effects
A: slimy green scales 1, spiny 1, weakness stinger 1
a: no special abilities


You were on level 4 of the Dungeon.
You visited 1 branch of the dungeon, and saw 4 of its levels.

You collected 228 gold pieces.

Inventory:

Hand Weapons
 a - a +1 trident (weapon)
Missiles
 e - a javelin
Armour
 b - a +0 leather armour (worn)
 c - a +0 helmet (worn)
 l - a scarf of resistance (worn)
Wands
 d - a wand of mindburst (7)
Scrolls
 h - a scroll of revelation
 i - a scroll of enchant weapon
 k - a scroll of amnesia
Potions
 f - a potion of lignification {unknown}
 j - a potion of enlightenment {unknown}


   Skills:
 + Level 3.8 Fighting
 + Level 4.1 Polearms
 - Level 1.7 Throwing
 + Level 2.9 Armour
 + Level 4.1 Dodging


You had 5 spell levels left.
You didn't know any spells.
Your spell library contained the following spells:

 Spells                   Type           Power      Damage    Failure   Level
 Slow                     Hex            0%         N/A       43%         1
 Summon Small Mammal      Summ           0%         N/A       43%         1
 Cigotuvi's Dreadful Rot  Necr/Pois/Air  0%         N/A       58%         2
 Call Canine Familiar     Summ           0%         N/A       82%         3
 Confusing Touch          Hex            0%         N/A       82%         3
 Ignite Poison            Fire/Tmut/Pois 0%         N/A       82%         3
 Summon Guardian Golem    Hex/Summ       0%         N/A       82%         3
 Vampiric Draining        Necr           0%         2d6       82%         3
 Freezing Cloud           Conj/Ice/Air   0%         6-21      100%        5


Dungeon Overview and Level Annotations

Branches:
Dungeon (4/15)
 Temple: D:4-7

Altars:
Makhleb
Yredelemnul

Annotations:
D:4 Menkaure


Innate Abilities, Weirdness & Mutations

You are partially covered in slimy green scales. (AC +2)
You are partially covered in sharp spines.
You have a small tail.


Message History

An adder is nearby!
An adder is nearby!
The adder hisses angrily.
You hear a shout!
Menkaure, Prince of Dust comes into view.
You reach to attack!
You hit the adder.
The adder is moderately wounded.
There are monsters nearby!
You hit the adder but do no damage.
The adder is moderately wounded.
The adder bites you but does no damage.
Menkaure calls on the powers of darkness!
The adder convulses!
Your body is wracked with pain!
The adder is struck by your spines.
You kill the adder!
You see here an adder corpse.
You hit Menkaure.
Menkaure is lightly damaged.
Menkaure misses you.
You hit Menkaure but do no damage.
Menkaure is lightly damaged.
Menkaure hits you but does no damage.
You puncture Menkaure!
Menkaure is severely damaged.
Menkaure casts a spell at you. Pain shoots through your body!
* * * LOW HITPOINT WARNING * * *
You hit Menkaure but do no damage.
Menkaure is severely damaged.
You hit Menkaure.
You tail-slap Menkaure, but do no damage.
Menkaure is severely damaged.
Menkaure casts a spell.
Menkaure seems to speed up.
You feel better. Menkaure hits you!
* * * LOW HITPOINT WARNING * * *
You barely miss Menkaure.
You tail-slap Menkaure, but do no damage.
Menkaure is severely damaged.
Menkaure hits you!!
You die...

# ##############.####
#####..........†@M....#
#.......##########.##.#
#.......# #
#.......####
..............
#.......#.....
#.......#.##..
....[...... .
..........##


You could see Menkaure (fast).

Vanquished Creatures
  2 ogres (D:4)
  3 lemures (D:4)
  A howler monkey (D:4)
  2 orc priests
  4 adders
  3 worms
  6 dart slugs
  10 orcs
  9 endoplasms
  2 giant cockroaches
  6 goblins
  9 hobgoblins
  3 jackals (D:4)
  5 quokkas
  6 ball pythons
  6 bats
  3 frilled lizards
  13 kobolds
  9 rats
102 creatures vanquished.

Notes
Turn   | Place    | Note
-------+----------+-------------------------------------------
     0 | D:1      | Demosthentine the Demonspawn Gladiator began the quest for
                  | the Orb.
     0 | D:1      | Reached XP level 1. HP: 16/16 MP: 1/1
    61 | D:1      | Gained mutation: You are partially covered in sharp spines.
                  | [demonic ancestry]
    61 | D:1      | Reached XP level 2. HP: 21/22 MP: 2/2
   184 | D:1      | Reached skill level 1 in Armour
   277 | D:1      | Gained mutation: You are partially covered in slimy green
                  | scales. (AC +2) [demonic ancestry]
   277 | D:1      | Reached XP level 3. HP: 28/28 MP: 3/3
   905 | D:2      | Gained mutation: You have a small tail. [demonic ancestry]
   905 | D:2      | Reached XP level 4. HP: 34/34 MP: 4/4
  1639 | D:3      | Reached XP level 5. HP: 37/41 MP: 5/5
  1723 | D:3      | Found a burning altar of Makhleb.
  2064 | D:4      | Noticed an ogre
  2075 | D:4      | Noticed an ogre
  2079 | D:4      | Killed an ogre
  2080 | D:4      | Reached XP level 6. HP: 33/47 MP: 6/6
  2363 | D:4      | Found a basalt altar of Yredelemnul.
  2597 | D:4      | Noticed Menkaure
  2609 | D:4      | Mangled by Menkaure

Illustrated notes

Levels and vault maps discovered:
D:1:      shiori_shiawase, layout_basic
D:2:      layout_basic, corexii_shack, nicolae_eternal_life,
          corexii_leaking_fountain, grunt_decor_clamped
D:3:      layout_rooms, bloody_makhleb
D:4:      layout_loops_ring, led_sif_pool, fedhas_altar_4,
          overflow_temple_1_default, uniq_crazy_yiuf_cottage, uniq_menkaure,
          uniq_pikel

Skill      XL: |  1  2  3  4  5  6 |
---------------+-------------------+-----
Polearms       | 3 4 |  4.1
Dodging        | 3 4 |  4.1
Armour         | 1 2 |  2.9
Fighting       | 3 |  3.8
Throwing       | |  1.7

Action                     |  1- 3 |  4- 6 || total
---------------------------+-------+-------++-------
  Melee: Trident           |    99 |   143 ||   242
         Punch             |     1 |     2 ||     3
         Tailslap          |       |    19 ||    19
  Throw: Throwing net      |       |     3 ||     3
    Use: Scroll            |     2 |     4 ||     6
         Potion            |       |     2 ||     2
   Stab: Sleeping          |     2 |     1 ||     3
         Distracted        |     1 |     1 ||     2
 Armour: Leather armour    |    11 |    28 ||    39
  Dodge: Dodged            |    29 |    68 ||    97

Table legend: (Time is in decaauts)
 A = Elapsed time spent in this place.
 B = Non-inter-level travel time spent in this place.
 C = Inter-level travel time spent in this place.
 D = Time resting spent in this place.
 E = Time spent auto-exploring this place.
 F = Levels seen in this place.
 G = Mean time per level.
                   A        B        C        D        E       F      G
               +--------+--------+--------+--------+--------+-----+--------+
         Total |   2640 |   2522 |    118 |    148 |   1837 |   4 |  660.0 |
       Dungeon |   2640 |   2522 |    118 |    148 |   1837 |   4 |  660.0 |
               +--------+--------+--------+--------+--------+-----+--------+

Top non-repeatable levels by time:
     D:2: 1026 daAuts
     D:1: 596 daAuts
     D:4: 553 daAuts
     D:3: 464 daAuts
